 Dungeon Crawl Stone Soup version 0.22-a0-246-gdc04c06 (console) character file.

112956 Duffy the Devastator (level 16, -14/97 HPs)
             Began as a Deep Elf Fire Elementalist on Feb 22, 2018.
             Was the Champion of Vehumet.
             Demolished by a red ugly thing (27 damage)
             ... on level 14 of the Dungeon on Feb 23, 2018.
             The game lasted 01:25:00 (42870 turns).

Duffy the Devastator (Deep Elf Fire Elementalist)  Turns: 42870, Time: 01:25:01

Health: -14/97     AC: 12    Str:  5    XL:     16   Next: 12%
Magic:  5/46       EV: 20    Int: 31    God:    Vehumet [******]
Gold:   1467       SH:  0    Dex: 15    Spells: 7/45 levels left

rFire    . . .     SeeInvis .   Q - staff of energy
rCold    . . .     Gourm    .   (no shield)
rNeg     . . .     Faith    .   q - +2 robe {MR+}
rPois    .         Spirit   .   f - +1 helmet {Int+3}
rElec    .         Reflect  .   S - +2 cloak
rCorr    .         Harm     +   I - +0 pair of gloves
MR       +++..                  M - +0 pair of boots
Stlth    ++........             L - amulet of harm
HPRegen  0.26/turn              G - ring of magical power
MPRegen  0.30/turn              y - ring of protection from magic

@: no status effects
A: no striking features
a: Renounce Religion


You were on level 14 of the Dungeon.
You worshipped Vehumet.
Vehumet was exalted by your worship.
You were not hungry.

You visited 4 branches of the dungeon, and saw 23 of its levels.
You also visited: Labyrinth and Ossuary.

You collected 2497 gold pieces.
You spent 1030 gold pieces at shops.

Inventory:

Hand Weapons
 h - the +4 flail of Vecwuroq {flame, rElec rPois}
   (You found it on level 2 of the Lair of Beasts)

   It has been specially enchanted to burn those struck by it, causing extra
   injury to most foes and up to half again as much damage against particularly
   susceptible opponents.
   It insulates you from electricity.
   It protects you from poison.
Armour
 a - a +2 robe of fire resistance
 f - a +1 helmet of intelligence (worn)
 q - a +2 robe of magic resistance (worn)
 I - a +0 pair of gloves (worn)
 M - a +0 pair of boots (worn)
 S - a +2 cloak (worn)
 U - a scarf of resistance
Magical Staves
 j - an uncursed staff of wizardry
 Q - an uncursed staff of energy (weapon)
 T - an uncursed staff of earth
Jewellery
 k - an uncursed ring of protection from fire
 y - a ring of protection from magic (right hand)
 B - an uncursed ring of resist corrosion
 G - a ring of magical power (left hand)
 K - an uncursed ring of protection from fire
 L - an amulet of harm (around neck)
Wands
 A - a wand of paralysis (30)
 C - a wand of digging (33)
 E - a wand of acid (9)
 R - a wand of clouds (9)
Scrolls
 d - 6 scrolls of immolation
 g - 15 scrolls of teleportation
 i - 9 scrolls of amnesia
 m - 8 scrolls of remove curse
 n - 6 scrolls of blinking
 o - 6 scrolls of fog
 p - 2 scrolls of magic mapping
 w - 3 scrolls of noise {unknown}
 D - 4 scrolls of fear
 F - a scroll of holy word
 J - a scroll of silence {unknown}
 P - 3 scrolls of enchant armour
Potions
 c - 5 potions of haste
 l - a potion of magic
 r - 6 potions of curing
 s - 6 potions of agility
 t - 2 potions of invisibility
 u - 7 potions of heal wounds
 v - 4 potions of resistance
 x - 3 potions of mutation
 z - 2 potions of might
 H - 2 potions of brilliance
 N - 2 potions of cancellation
 O - 7 potions of flight
Miscellaneous
 e - a box of beasts
Comestibles
 b - 41 rations


   Skills:
 - Level 10.0 Fighting
 - Level 4.4 Armour
 - Level 11.0 Dodging
 - Level 2.4 Stealth
 + Level 15.4 Spellcasting
 + Level 15.8 Conjurations
 + Level 14.6 Fire Magic
 - Level 5.0 Earth Magic
 - Level 5.0 Poison Magic
 - Level 6.0 Evocations


You had 7 spell levels left.
You knew the following spells:

 Your Spells              Type           Power        Failure   Level  Hunger
a - Throw Flame           Conj/Fire      ######       0%          2    None
c - Conjure Flame         Conj/Fire      #######.     0%          3    None
d - Flame Tongue          Conj/Fire      #####        0%          1    None
h - Bolt of Fire          Conj/Fire      #######...   1%          6    None
j - Poison Arrow          Conj/Pois      ######....   1%          6    None
k - Fireball              Conj/Fire      #######...   1%          5    None
l - Iron Shot             Conj/Erth      ######....   1%          6    None
n - Bolt of Magma         Conj/Fire/Erth #######...   1%          5    None
s - Sticky Flame          Conj/Fire      #######.     1%          4    None


Dungeon Overview and Level Annotations

Branches:
Dungeon (14/15)            Temple (1/1) D:5            Lair (6/6) D:9
 Shoals (0/4) Lair:2        Snake (0/4) Lair:3        Slime (0/5) Lair:6
    Orc (2/2) D:10            Elf (0/3) Orc:2        Vaults (0/5) D:14

Altars:
Ashenzari
Cheibriados
Dithmenos
Elyvilon
Fedhas
Gozag
Hepliaklqana
Kikubaaqudgha
Makhleb
Nemelex Xobeh
Okawaru
Qazlal
Ru
Sif Muna
Trog
Uskayaw
Vehumet
Wu Jian
Xom
Yredelemnul
Zin
The Shining One
Beogh

Shops:
D:4 ?   D:5 }   D:10 }   D:11 *   D:14 !=   Orc:1 %   Orc:2 }*![

Portals:
Trove: D:13 (give +6 ice dragon scales)


Message History

Aiming: Bolt of Fire (safe; 1% risk of failure)
Press: ? - help, Shift-Dir - straight line, f - red ugly thing
Aim: a red ugly thing (heavily wounded)
The bolt of fire misses the red ugly thing.
The red ugly thing stings you.
You are engulfed in flames!
Cast which spell? (? or * to list)
Aiming: Bolt of Fire (safe; 1% risk of failure)
Press: ? - help, Shift-Dir - straight line, f - red ugly thing
Aim: a red ugly thing (heavily wounded)
The bolt of fire misses the red ugly thing.
The red ugly thing barely misses you.
Cast which spell? (? or * to list)
Aiming: Bolt of Fire (safe; 1% risk of failure)
Press: ? - help, Shift-Dir - straight line, f - red ugly thing
Aim: a red ugly thing (heavily wounded)
The bolt of fire hits the red ugly thing.
The red ugly thing resists.
The red ugly thing is almost dead.
The red ugly thing stings you!
You are engulfed in flames!!
You die...

#.... #.##. ## .
.#..###### .
.0.0.%u@.# #.. #
..\.####.# #.# #
# #.# #.# # #.#
#.# # #.# #.# #
#.# #.# #
#.##########.# #
#.........##.####
####.###.........


You could see a red ugly thing.

Vanquished Creatures
  Frances (D:12)
  Kirke (Lair:4)
  An orc warlord (Orc:2)
  The ghost of RoseArtemis the Slicer, a journeyman MiFi of Dithmenos (Lair:6)
  Nessos (Lair:6)
  The ghost of RoseArtemis the Bludgeoner, a journeyman MiFi of Wu Jian (Lair:6)
  Azrael (Orc:2)
  A minotaur (Lab)
  An ettin (Orc:2)
  7 hydras
  An ice dragon (D:12)
  4 vault guards (D:14)
  A catoblepas (D:10)
  2 centaur warriors
  8 death yaks
  13 two-headed ogres
  A tengu warrior (D:14)
  4 orc high priests (Orc:2)
  Urug (D:10)
  5 skeletal warriors
  5 orc knights
  3 manticores
  12 ugly things
  6 orc sorcerers
  3 oklob plants
  4 cyclopes
  Maurice (D:8)
  8 elephants
  5 gargoyles
  3 black mambas
  23 spiny frogs
  A freezing wraith (D:14)
  4 komodo dragons
  5 rime drakes
  A kobold demonologist (D:13)
  A merfolk (Lair:2)
  A jumping spider (shapeshifter) (D:9)
  8 trolls
  A queen bee (Lair:2)
  10 hippogriffs
  3 tyrant leeches (Lair:6)
  25 blink frogs
  4 slime creatures (D:13)
  16 flying skulls (D:12)
  2 shadows
  3 wyverns
  37 yaks
  A wraith (D:14)
  2 fire bats (D:6)
  3 fire elementals (Orc:2)
  4 hogs (Lair:4)
  3 basilisks (Lair:2)
  6 hungry ghosts
  9 vampire mosquitoes
  A vampire (D:14)
  3 steam dragons
  2 wargs (Orc:2)
  A soldier ant (D:11)
  2 acid dragons
  21 water moccasins
  4 hell hounds (Orc:2)
  7 porcupines
  45 orc warriors
  5 sky beasts
  2 phantoms
  4 eyes of draining
  2 ice beasts (D:9)
  4 black bears
  5 wolves
  10 centaurs
  17 ogres
  3 necrophages
  6 crocodiles
  Blork the orc (D:4)
  28 bullfrogs
  5 big kobolds
  A water moccasin zombie (D:9)
  13 scorpions
  A wyvern skeleton (D:10)
  42 killer bees
  13 wights
  2 howler monkeys
  2 electric eels (Lair:6)
  A spectral bullfrog (D:10)
  5 lava snakes (D:10)
  4 centaur zombies
  8 crimson imps
  8 hounds
  A gnoll shaman (D:8)
  11 jellies
  2 human zombies (Ossuary)
  33 orc priests
  A bullfrog skeleton (D:10)
  3 centaur skeletons
  4 iguanas
  27 orc wizards
  12 worker ants
  2 big kobold zombies (Ossuary)
  2 hound skeletons
  2 mummies (Ossuary)
  12 adders
  5 gnolls (D:8)
  2 scorpion zombies (Ossuary)
  3 shadow imps
  7 oozes
  2 dart slugs
  8 leopard geckos
  116 orcs
  2 ball pythons
  8 giant cockroaches
  6 goblins
  5 hobgoblins
  5 jackals
  8 quokkas
  12 bats
  8 frilled lizards
  3 gnoll zombies (Ossuary)
  A goblin zombie (Ossuary)
  5 hobgoblin zombies (Ossuary)
  24 kobolds
  2 kobold zombies (Ossuary)
  2 leopard gecko skeletons (D:4)
  A quokka skeleton (D:7)
  2 rats (D:2)
  A bush (Lair:6)
  12 plants
919 creatures vanquished.

Vanquished Creatures (others)
  A scorpion (Ossuary)
  A centaur zombie (Ossuary)
  A mummy (Ossuary)
  A kobold (D:10)
  An orc zombie (Ossuary)
  24 fungi
  37 plants
  16 toadstools (Lair:5)
82 creatures vanquished.

Grand Total: 1001 creatures vanquished

Notes
Turn   | Place    | Note
-------+----------+-------------------------------------------
     0 | D:1      | Duffy the Deep Elf Fire Elementalist began the quest for the Orb.
     0 | D:1      | Reached XP level 1. HP: 10/10 MP: 6/6
   223 | D:1      | Reached XP level 2. HP: 15/15 MP: 4/8
   227 | D:1      | Learned a level 2 spell: Throw Flame
  1027 | D:2      | Reached XP level 3. HP: 19/19 MP: 7/9
  1443 | D:2      | Learned a level 3 spell: Conjure Flame
  1591 | D:2      | Reached XP level 4. HP: 24/24 MP: 7/11
  1597 | D:2      | Learned a level 4 spell: Sticky Flame
  2373 | D:3      | Found a faded altar of an unknown god.
  2862 | D:4      | Noticed an ogre
  2872 | D:4      | Killed an ogre
  2872 | D:4      | Reached XP level 5. HP: 28/28 MP: 3/13
  3018 | D:4      | Noticed an ogre
  3037 | D:4      | Killed an ogre
  3037 | D:4      | Reached skill level 5 in Conjurations
  3037 | D:4      | Reached skill level 5 in Fire Magic
  3037 | D:4      | Reached XP level 6. HP: 32/32 MP: 0/14
  3190 | D:4      | Found Deynn's Magic Scroll Emporium.
  3255 | D:4      | Bought a scroll of blinking for 97 gold pieces
  3255 | D:4      | Bought a scroll of teleportation for 39 gold pieces
  3740 | D:3      | Reached skill level 1 in Fighting
  3844 | D:4      | Noticed Blork the orc
  3851 | D:4      | Killed Blork the orc
  4188 | D:5      | Entered Level 5 of the Dungeon
  4191 | D:5      | Found a staircase to the Ecumenical Temple.
  4191 | D:5      | Found Duwn's Gadget Shoppe.
  4204 | Temple   | Entered the Ecumenical Temple
  4362 | Temple   | Became a worshipper of Vehumet
  4560 | D:5      | Found a sand-covered staircase.
  4569 | Ossuary  | Entered an ossuary
  4596 | Ossuary  | Reached XP level 7. HP: 40/40 MP: 2/15
  4899 | Ossuary  | Reached skill level 5 in Dodging
  5050 | Ossuary  | Reached * piety under Vehumet
  5050 | Ossuary  | Offered knowledge of Shock by Vehumet.
  5632 | Ossuary  | Reached XP level 8. HP: 48/48 MP: 5/16
  6688 | D:5      | Reached skill level 5 in Fighting
  7026 | D:5      | Learned a level 5 spell: Fireball
  7486 | D:6      | Found a transporter.
  7625 | D:6      | Reached skill level 5 in Spellcasting
  7931 | D:6      | Offered knowledge of Searing Ray by Vehumet.
  7933 | D:6      | Reached ** piety under Vehumet
  7964 | D:6      | Found a stormy altar of Qazlal.
  8082 | D:6      | Found a transporter.
  8154 | D:6      | Found an ancient bone altar of Kikubaaqudgha.
  8862 | D:7      | Reached XP level 9. HP: 54/54 MP: 8/20
  9375 | D:7      | Found a sacrificial altar of Ru.
 10104 | D:9      | Offered knowledge of Mephitic Cloud by Vehumet.
 10343 | D:8      | Reached *** piety under Vehumet
 10485 | D:8      | Noticed Maurice
 10490 | D:8      | Reached skill level 1 in Evocations
 10491 | D:8      | Killed Maurice
 10683 | D:8      | Noticed a two-headed ogre
 10686 | D:8      | Killed a two-headed ogre
 10686 | D:8      | Reached XP level 10. HP: 60/60 MP: 8/24
 10897 | D:8      | Offered knowledge of Olgreb's Toxic Radiance by Vehumet.
 11943 | D:4      | Bought 3 scrolls of identify for 78 gold pieces
 11943 | D:4      | Bought a scroll of fog for 26 gold pieces
 11943 | D:4      | Bought a scroll of enchant armour for 97 gold pieces
 11943 | D:4      | Bought a scroll of identify for 26 gold pieces
 12019 | D:9      | Noticed a two-headed ogre
 12034 | D:9      | Killed a two-headed ogre
 12319 | D:9      | Found a sacrificial altar of Ru.
 12598 | D:9      | Identified the Catalogue of Sinister Air
 12680 | D:9      | Found a glowing golden altar of the Shining One.
 12847 | D:9      | Found a shadowy altar of Dithmenos.
 12847 | D:9      | Found an opulent altar of Gozag.
 12850 | D:9      | Reached skill level 5 in Evocations
 12935 | D:9      | Noticed a gargoyle
 13103 | D:9      | Noticed a gargoyle
 13128 | D:9      | Found a staircase to the Lair.
 13174 | D:10     | Entered Level 10 of the Dungeon
 13179 | D:10     | Reached skill level 10 in Spellcasting
 13351 | D:10     | Reached **** piety under Vehumet
 13361 | D:10     | Offered knowledge of Throw Icicle by Vehumet.
 13561 | D:10     | Reached XP level 11. HP: 66/66 MP: 18/27
 13661 | D:10     | Noticed a catoblepas
 13673 | D:10     | Killed a catoblepas
 13812 | D:10     | Noticed a two-headed ogre
 13814 | D:10     | Killed a two-headed ogre
 13946 | D:10     | Found a staircase to the Orcish Mines.
 14114 | D:10     | Noticed a two-headed ogre
 14120 | D:10     | Killed a two-headed ogre
 14369 | D:10     | Noticed a two-headed ogre
 14455 | D:10     | Killed a two-headed ogre
 14730 | D:10     | Reached skill level 10 in Dodging
 14794 | D:10     | Found Heaphy Rair's Gadget Shoppe.
 15265 | D:10     | Found a blossoming altar of Fedhas.
 15267 | D:10     | Noticed an oklob plant
 15267 | D:10     | Noticed an oklob plant
 15278 | D:10     | Killed an oklob plant
 15324 | D:10     | Killed an oklob plant
 15571 | D:4      | Bought a scroll of identify for 26 gold pieces
 16258 | Lair:1   | Entered Level 1 of the Lair of Beasts
 17277 | Lair:1   | Reached ***** piety under Vehumet
 17425 | Lair:1   | Reached XP level 12. HP: 75/75 MP: 23/30
 17562 | Lair:2   | Got a dazzling flail
 17582 | Lair:1   | Identified the +4 flail of Vecwuroq {flame, rElec rPois} (You found it on level 2 of the Lair of Beasts)
 17769 | Lair:2   | Offered knowledge of Bolt of Magma by Vehumet.
 17777 | Lair:2   | Learned a level 5 spell: Bolt of Magma
 18226 | Lair:2   | Found a staircase to the Shoals.
 20680 | Lair:3   | Noticed a death yak
 20682 | Lair:3   | Noticed a death yak
 20713 | Lair:2   | Killed a death yak
 20713 | Lair:2   | Reached skill level 10 in Fighting
 20846 | Lair:2   | Killed a death yak
 21204 | Lair:3   | Reached skill level 15 in Spellcasting
 21311 | Lair:3   | Reached skill level 1 in Earth Magic
 21578 | Lair:3   | Found a staircase to the Snake Pit.
 21898 | Lair:3   | Reached XP level 13. HP: 82/82 MP: 28/34
 22559 | Lair:3   | Offered knowledge of Bolt of Draining by Vehumet.
 22560 | Lair:3   | Reached skill level 5 in Earth Magic
 23263 | Lair:4   | Reached skill level 10 in Conjurations
 23376 | Lair:4   | Noticed Kirke
 23379 | Lair:4   | Killed Kirke
 24316 | Lair:5   | Found a labyrinth entrance.
 24330 | Lab      | Entered a labyrinth
 24588 | Lab      | Noticed a minotaur
 24592 | Lab      | Killed a minotaur
 24839 | Lab      | Got a slimy short sword {vamp}
 24843 | Lab      | Identified the Guide on Destructive Boosts
 24846 | Lab      | Identified the Compendium of Aid
 24849 | Lab      | Identified Sif Muna's Disquisition on the Oath
 24852 | Lab      | Identified Mub Tina's Catalogue of the Eternal Void
 25597 | Lair:5   | Found a blossoming altar of Fedhas.
 26219 | Lair:6   | Entered Level 6 of the Lair of Beasts
 26385 | Lair:6   | Noticed RoseArtemis's ghost (journeyman MiFi)
 26433 | Lair:6   | Killed RoseArtemis's ghost
 26598 | Lair:6   | Noticed Nessos
 26736 | Lair:6   | Reached XP level 14. HP: 88/88 MP: 20/35
 26881 | Lair:6   | Noticed RoseArtemis's ghost (journeyman MiFi)
 27129 | Lair:6   | Reached skill level 10 in Fire Magic
 27977 | Lair:6   | Killed Nessos
 28553 | Lair:6   | Killed RoseArtemis's ghost
 29506 | Lair:6   | Found a staircase to the Slime Pits.
 29950 | Lair:6   | Identified the Almanac of Shape Shifting and Stones
 30562 | Orc:1    | Entered Level 1 of the Orcish Mines
 30562 | Orc:1    | Noticed Urug
 30567 | D:10     | Killed Urug
 30900 | Orc:1    | Found Puagauka's Food Shop.
 31063 | Orc:1    | Offered knowledge of Bolt of Fire by Vehumet.
 31163 | Orc:1    | Learned a level 6 spell: Bolt of Fire
 32180 | Orc:2    | Entered Level 2 of the Orcish Mines
 32185 | Orc:2    | Reached skill level 1 in Armour
 33209 | Orc:2    | Noticed Azrael
 33325 | Orc:2    | Learned a level 6 spell: Iron Shot
 33508 | Orc:2    | Killed Azrael
 33929 | Orc:2    | Offered knowledge of Ozocubu's Refrigeration by Vehumet.
 34185 | Orc:2    | Found a roughly hewn altar of Beogh.
 34190 | Orc:2    | Reached XP level 15. HP: 92/92 MP: 17/36
 34286 | Orc:2    | Found Zuozomim's Gadget Boutique.
 34296 | Orc:2    | Found Atacsymo's Assorted Antiques.
 35245 | Orc:2    | Found a staircase to the Elven Halls.
 35643 | Orc:2    | Noticed an orc warlord
 35648 | Orc:2    | Killed an orc warlord
 35875 | Orc:2    | Found a roughly hewn altar of Beogh.
 36082 | Orc:2    | Offered knowledge of Poison Arrow by Vehumet.
 36178 | Orc:2    | Learned a level 6 spell: Poison Arrow
 36401 | Orc:2    | Found Foudaihi's Distillery.
 36438 | Orc:2    | Found Coehav's Armour Boutique.
 36980 | Orc:2    | Bought a wand of acid (9) for 192 gold pieces
 37351 | D:11     | Reached skill level 1 in Poison Magic
 37637 | D:11     | Found Aneghuf's Assorted Antiques.
 37643 | D:11     | Bought a scroll labeled QIASTA VU XASE for 31 gold pieces
 37643 | D:11     | Bought a sharpened bone wand for 124 gold pieces
 37644 | D:11     | Bought a distressingly furry shield for 294 gold pieces
 37649 | D:11     | Identified the +2 shield of Space {Str+3 Dex+3} (You bought it in a shop on level 11 of the Dungeon)
 39536 | D:12     | Found the +3 giant club "Skullcrusher" {speed, Str+7}
 39549 | D:12     | Reached skill level 15 in Conjurations
 39927 | D:12     | Reached ****** piety under Vehumet
 40075 | D:12     | Offered knowledge of Spellforged Servitor by Vehumet.
 40423 | D:13     | Noticed Frances
 40429 | D:12     | Killed Frances
 40679 | D:13     | Found a glowing golden altar of the Shining One.
 41382 | D:13     | Found a portal to a secret trove of treasure.
 41660 | D:14     | Found Ibaonnyf's Jewellery Boutique.
 41905 | D:14     | Reached skill level 5 in Poison Magic
 42253 | D:14     | Reached XP level 16. HP: 97/97 MP: 37/37
 42393 | D:14     | Found a gate to the Vaults.
 42861 | D:14     | Found Meugiac's Distillery.
 42870 | D:14     | Demolished by a red ugly thing

Vault maps used:
D:1:      zelgadis_glass_arrival_small
D:2:      lemuel_upstairs_altar
D:3:      chequers_ecumenical_altar_simple_redux
D:4:      serial_shops, shop, uniq_blork_the_orc
D:5:      minmay_temple_entry_butterflies, first_ration, serial_shops, shop,
          nicolae_ossuary_entry_monument
D:6:      gammafunk_cloud_chamber, old_standard_altar,
          nicolae_overflow_crystal_walls, minmay_misc_feat_x
D:7:      basic_altar, minmay_misc_feat_pillars
D:8:      uniq_maurice
D:9:      minmay_the_grid_plus_closed, amethyst_overflow_temple_binary,
          nicolae_ru_sacrificial_ziggurat, kennysheep_little_box,
          lair_entry_dummy, corexii_hall_statues_t
D:10:     kennysheep_big_flooded_room, serial_shops, shop,
          hangedman_little_slice_of_home, hangedman_tree_tricks,
          hangedman_weighted_door
D:11:     serial_shops, nicolae_shop_trees
D:12:     minmay_guarded_unrand_skullcrusher
D:13:     basic_altar, enter_trove_3, minmay_misc_feat_square, uniq_frances
D:14:     lightli_vaults_fourway_checkpoint, serial_shops,
          nicolae_shop_overgrown_old_shop, shop_fountains, nicolae_shop_crystal,
          serial_glass, glass_columns_b, glass_columns_c, glass_columns_a,
          glass_columns_c, glass_columns_a, glass_columns_a, item_on_display_a,
          item_on_display_a, unseen_surprise_small, grunt_ministairs_3,
          minivault_11
Temple:   regret_index_temple_sphere_string
Lair:1:   grunt_megastairs_3
Lair:2:   regret_index_bee_streams, elwin_shoals_entry_rooms, minivault_25
Lair:3:   minmay_snake_entry_six_corridors, st_stairs_9
Lair:4:   minivault_26, uniq_kirke
Lair:5:   lab_entry_generic, tgw_fedhas
Lair:6:   minmay_lair_end_frog_pond, nicolae_slime_entry_slimehenge, uniq_nessos
Orc:1:    serial_shops, nicolae_shop_behind_doors, uniq_urug
Orc:2:    pubby_orc_utopia, uniq_azrael
Lab:      nicolae_lab_dead_adventurers
Ossuary:  ossuary_minmay_scorpions

Skill      XL: |  1  2  3  4  5  6  7  8  9 10 11 12 13 14 15 |
---------------+----------------------------------------------+-----
Conjurations   | 2 3 4 5 6 7 8 12 13 15 | 15.8
Spellcasting   | 4 6 8 10 12 15 | 15.4
Fire Magic     | 4 5 6 7 9 13 14 | 14.6
Dodging        | 4 6 7 8 11 | 11.0
Fighting       | 2 3 5 6 8 10 | 10.0
Evocations     | 3 5 6 |  6.0
Earth Magic    | 2 5 |  5.0
Armour         | 4 |  4.4
Poison Magic   | 5 |  5.0
Stealth        | |  2.4

Action                   |  1- 3 |  4- 6 |  7- 9 | 10-12 | 13-15 | 16-18 || total
-------------------------+-------+-------+-------+-------+-------+-------++-------
Melee: Dagger            |     3 |       |     6 |     3 |       |       ||    12
       Quarterstaff      |       |    20 |    85 |       |       |       ||   105
       Flail             |       |       |       |     4 |     1 |       ||     5
       Staff             |       |       |       |       |     3 |       ||     3
 Cast: Flame Tongue      |    66 |    90 |   200 |   169 |       |       ||   525
       Conjure Flame     |       |     6 |    17 |    11 |     1 |       ||    35
       Sticky Flame      |       |     3 |    23 |    94 |     7 |       ||   127
       Fireball          |       |       |    18 |   114 |   218 |       ||   350
       Throw Flame       |       |       |       |   111 |    20 |       ||   131
       Bolt of Magma     |       |       |       |    24 |   138 |       ||   162
       Bolt of Fire      |       |       |       |       |   278 |    22 ||   300
       Iron Shot         |       |       |       |       |    43 |       ||    43
       Poison Arrow      |       |       |       |       |    25 |    11 ||    36
Evoke: Wand              |       |       |     1 |     7 |    25 |       ||    33
  Use: Scroll            |       |     4 |     6 |    10 |     8 |       ||    28
       Potion            |       |       |       |       |     1 |       ||     1
 Stab: Sleeping          |     1 |       |       |       |       |       ||     1
       Paralysed         |       |       |     2 |       |       |       ||     2
       Confused          |       |       |       |     1 |       |       ||     1
  Eat: Chunk             |     2 |    10 |    12 |    23 |    83 |     2 ||   132
       Ration            |       |       |     4 |     6 |     3 |       ||    13
Armor: Robe              |     6 |     5 |    19 |    31 |    14 |       ||    75
       Leather armour    |       |       |       |       |    20 |       ||    20
Dodge: Dodged            |    17 |    26 |   117 |   179 |   148 |     3 ||   490
Block: Other             |       |       |       |    10 |     1 |       ||    11

Table legend:
 A = Spawn XP
 B = Non-spawn XP
 C = Spawn XP percentage of total XP
 D = Spawn monster count
 E = Non-spawn monster count
 F = Spawn count percentage of total count
 G = Total turns spent on level
                    A         B        C        D         E        F      G
               +---------+---------+-------+---------+---------+-------+---------
         Total |       0 |  161366 |   0.0 |       0 |     906 |   0.0 | 42870
               +---------+---------+-------+---------+---------+-------+---------
           D:1 |       0 |      32 |   0.0 |       0 |      16 |   0.0 |  1003
           D:2 |       0 |      69 |   0.0 |       0 |      24 |   0.0 |   851
           D:3 |       0 |     137 |   0.0 |       0 |      23 |   0.0 |  1160
           D:4 |       0 |     527 |   0.0 |       0 |      15 |   0.0 |  1681
           D:5 |       0 |     268 |   0.0 |       0 |      17 |   0.0 |  1303
           D:6 |       0 |     918 |   0.0 |       0 |      20 |   0.0 |  1436
           D:7 |       0 |    1100 |   0.0 |       0 |      16 |   0.0 |  1487
           D:8 |       0 |    3333 |   0.0 |       0 |      46 |   0.0 |  1657
           D:9 |       0 |    4176 |   0.0 |       0 |      41 |   0.0 |  2434
          D:10 |       0 |    9149 |   0.0 |       0 |      54 |   0.0 |  2712
          D:11 |       0 |    6996 |   0.0 |       0 |      38 |   0.0 |  1521
          D:12 |       0 |   13419 |   0.0 |       0 |      51 |   0.0 |  2145
          D:13 |       0 |    5021 |   0.0 |       0 |      21 |   0.0 |   700
          D:14 |       0 |   16285 |   0.0 |       0 |      43 |   0.0 |  1436
        Lair:1 |       0 |    3099 |   0.0 |       0 |      15 |   0.0 |  1842
        Lair:2 |       0 |   12250 |   0.0 |       0 |      71 |   0.0 |  3015
        Lair:3 |       0 |   10677 |   0.0 |       0 |      37 |   0.0 |  1979
        Lair:4 |       0 |    9995 |   0.0 |       0 |      28 |   0.0 |  1269
        Lair:5 |       0 |    4947 |   0.0 |       0 |      19 |   0.0 |  3247
        Lair:6 |       0 |   26556 |   0.0 |       0 |      84 |   0.0 |  2090
         Orc:1 |       0 |    4086 |   0.0 |       0 |      50 |   0.0 |  1562
         Orc:2 |       0 |   26261 |   0.0 |       0 |     147 |   0.0 |  4249
           Lab |       0 |    1231 |   0.0 |       0 |       1 |   0.0 |   598
       Ossuary |       0 |     834 |   0.0 |       0 |      29 |   0.0 |  1321
               +---------+---------+-------+---------+---------+-------+---------
